 Dungeon Crawl Stone Soup version 0.32-a0-886-g41c5271027 (webtiles) character file.

Game seed: 6563923895472941074

19768 GeoRichter the Fighter (level 13, -9/102 HPs)
             Began as a Djinni Fire Elementalist on Apr 2, 2024.
             Was an Elder of Yredelemnul.
             Mangled by an eight-headed hydra (12 damage)
             ... on level 2 of the Lair of Beasts.
             The game lasted 00:21:41 (10219 turns).

GeoRichter the Fighter (Djinni Fire Elementalist)  Turns: 10219, Time: 00:21:41

Health: -9/102     AC: 12    Str:  7    XL:     13   Next: 7%
Gold:   1062       EV:  9    Int: 22    God:    Yredelemnul [****..] SH:  0 Dex: 14

rFire   + + .        h - +4 trident (drain)
rCold   . . .        (no shield)
rNeg    . . .        G - +0 swamp dragon scales
rPois   ∞            M - +0 helmet
rElec   .            j - +2 cloak
rCorr   .            o - +0 pair of gloves
SInv    .            (boots unavailable)
Will    ++...        E - amulet of regeneration
Stlth   ++           O - ring of protection from cold
HPRegen 1.17/turn    B - ring of willpower
MPRegen 0.00/turn

%: infuse magic (-10 HP)
@: flying, wreathed by umbra
A: sickness immunity, fire resistance 2, cold vulnerability 1, float, innate
caster, HP casting, extra vitality 1
a: Renounce Religion, Light the Black Torch, Recall Undead Harvest, Hurl
Torchlight, Bind Soul


You were on level 2 of the Lair of Beasts.
You worshipped Yredelemnul.
Yredelemnul was noncommittal.
You visited 2 branches of the dungeon, and saw 12 of its levels.

You collected 1062 gold pieces.

Inventory:

Hand Weapons
 h - a +4 trident of draining (weapon)
   (You took it off Jeremiah on level 8 of the Dungeon)
Missiles
 m - 2 throwing nets {!f}
 C - 14 curare-tipped darts {!f}
Armour
 a - an orb of guile
   (You took it off Jeremiah on level 8 of the Dungeon)
 j - a +2 cloak (worn)
   (You found it on level 6 of the Dungeon)
 o - a +0 pair of gloves (worn)
   (You found it on level 4 of the Dungeon)
 G - +0 swamp dragon scales (worn)
   (You took it off Maggie on level 8 of the Dungeon)
 M - a +0 helmet (worn)
   (You found it on level 1 of the Lair of Beasts)
Jewellery
 B - a ring of willpower (right hand)
   (You found it on level 6 of the Dungeon)
 E - an amulet of regeneration (around neck)
   (You found it on level 6 of the Dungeon)
 O - a ring of protection from cold (left hand)
   (You found it on level 1 of the Lair of Beasts)
Wands
 q - a wand of flame (45)
   (You found it on level 4 of the Dungeon)
 v - a wand of polymorph (10)
   (You took it off Ijyb on level 5 of the Dungeon)
 D - a wand of roots (12)
   (You took it off a kobold brigand on level 6 of the Dungeon)
 I - a wand of paralysis (9)
   (You found it on level 8 of the Dungeon)
Scrolls
 b - 5 scrolls of immolation {!r}
 d - a scroll of noise {!r}
 f - 4 scrolls of revelation
 g - a scroll of summoning
 n - 2 scrolls of poison
 s - 2 scrolls of vulnerability {!r}
 t - 6 scrolls of enchant weapon
 u - 2 scrolls of fear
 y - 2 scrolls of teleportation {@r4}
 K - a scroll of enchant armour
 N - a scroll of brand weapon
Potions
 c - a potion of resistance {unknown}
 e - 2 potions of might
 i - 3 potions of heal wounds {unknown}
 k - 2 potions of attraction {!q}
 l - 2 potions of ambrosia
 r - 2 potions of brilliance {unknown}
 w - 2 potions of enlightenment {unknown}
 z - a potion of berserk rage {unknown}
 F - a potion of haste {unknown}
 H - 3 potions of curing {@q1}
 J - a potion of cancellation {unknown}


   Skills:
 + Level 12.5 Fighting
 * Level 7.6 Polearms
 - Level 2.1 Dodging
 - Level 1.5 Stealth
 - Level 10.0 Spellcasting
 - Level 10.0 Conjurations
 - Level 10.0 Hexes
 - Level 10.0 Summonings
 - Level 10.0 Necromancy
 - Level 10.0 Translocations
 - Level 10.0 Fire Magic
 - Level 10.0 Ice Magic
 - Level 10.0 Air Magic
 - Level 10.0 Earth Magic
 - Level 10.0 Alchemy
 - Level 7.1 Invocations


You knew the following spells:

 Your Spells              Type           Power      Damage    Failure   Level
a - Foxfire               Conj/Fire      100%       2x1d9     1%          1
b - Scorch                Fire           100%       2d9       1%          2
c - Volatile Blastmotes   Fire/Tloc      100%       2d18      1%          3
d - Inner Flame           Hex/Fire       53%        N/A       1%          3
e - Flame Wave            Conj/Fire      53%        2d13      3%          4
f - Summon Small Mammal   Summ           100%       N/A       1%          1
g - Jinxbite              Hex            100%       N/A       1%          2
h - Mephitic Cloud        Conj/Alch/Air  53%        N/A       1%          3
i - Confusing Touch       Hex            53%        N/A       1%          3
j - Vhi's Electric Charg  Tloc/Air       100%       N/A       3%          4
k - Silence               Hex/Air        26%        N/A       10%         5
Your spell library was empty.

Dungeon Overview and Level Annotations

Branches:
Dungeon (10/15) Zot: 26085  Temple (0/1) D:5            Lair (2/5) D:10 Zot: 10964
    Orc (0/2) D:9
  Swamp: Lair:2-3    Shoals: Lair:2-3     Snake: Lair:2-3    Spider: Lair:2-3

Altars:
Nemelex Xobeh
Okawaru
Qazlal
Ru
Uskayaw
Yredelemnul
The Shining One

Shops:
D:5 (

Annotations:
D:6 Varamon101's ghost, novice MDFi


Innate Abilities, Weirdness & Mutations

You are immune to sickness and miasma.
You are immune to poison.
Your flesh is very heat resistant. (rF++)
You are vulnerable to cold. (rC-)
You float through the air rather than walking.
You learn spells naturally, not from books.
Your magical power is your life essence.
You have superior vitality. (+4 MHP)


Message History

Casting: Scorch (safe; 1% risk of failure)
Confirm with . or Enter, or press ? or * to list all spells.
Flames lash the blink frog.
The blink frog is moderately wounded.
The blink frog's fire resistance burns away.
The wyvern bites you!
* * * LOW HITPOINT WARNING * * *
The eight-headed hydra bites you.
* * * LOW HITPOINT WARNING * * *
The eight-headed hydra bites you but does no damage.
The eight-headed hydra barely misses you.
The eight-headed hydra closely misses you.
The eight-headed hydra completely misses you.
The eight-headed hydra bites you.
* * * LOW HITPOINT WARNING * * *
The eight-headed hydra bites you but does no damage.
The eight-headed hydra bites you.
* * * LOW HITPOINT WARNING * * *
Aiming: Hurl Torchlight
Press: ? - help, Shift-Dir - straight line, f - wyvern
Aim: a wyvern (heavily wounded, more vulnerable to fire, umbra)
The gout of umbral fire explodes!
The umbral torchlight engulfs the wyvern!
You kill the wyvern!
Their soul becomes fuel for the torch.
The umbral torchlight engulfs you but does no damage.
The umbral torchlight engulfs the blink frog!!
The blink frog is almost dead.
The umbral torchlight engulfs the eight-headed hydra!!
The eight-headed hydra is almost dead.
The dead are flying!
You hear an angry hiss.
The blink frog hits your wyvern zombie!
The blink frog hits you but does no damage.
A blink frog comes into view. x2
The eight-headed hydra bites you!
* * * LOW HITPOINT WARNING * * *
The eight-headed hydra bites you.
* * * LOW HITPOINT WARNING * * *
The eight-headed hydra barely misses you.
The eight-headed hydra bites you.
* * * LOW HITPOINT WARNING * * *
The eight-headed hydra bites you.
* * * LOW HITPOINT WARNING * * *
The eight-headed hydra barely misses you.
The eight-headed hydra bites you.
* * * LOW HITPOINT WARNING * * *
The eight-headed hydra bites you!
You die...
Your body vanishes in a gout of umbral fire.

## ### ##..#..##
##### #........
###.#.###
#...P#..#####P......#
#.F.....F.#........##
......FZ.@...[.#..##
........D###..##..#
..F..##### ###....#
.... ##..### .. #P.##
##.## ##..# #..##
###.#


You could see an eight-headed hydra (combustible), 4 blink frogs and a friendly
wyvern zombie.

Vanquished Creatures
  The ghost of s4kkeboi the Grappler, a novice TrFi of Wu Jian (D:9)
  A two-headed ogre (D:9)
  3 elephants
  A torpor snail (Lair:1)
  3 cane toads (Lair:1)
  Jeremiah (D:8)
  3 komodo dragons
  A kobold demonologist (D:6)
  A troll (D:10)
  Grinder (D:4)
  3 blink frogs (Lair:1)
  Sigmund (D:5)
  2 wyverns
  2 yaks (D:10)
  2 unseen horror simulacra (D:9)
  3 basilisks
  2 acid dragons
  5 water moccasins
  2 orc warriors
  2 ice beasts
  3 black bears
  A blink frog zombie (Lair:1)
  3 ogres
  2 centaurs
  4 phantoms
  Blork the orc (D:5)
  13 kobold brigands
  4 bullfrogs
  2 scorpions (D:5)
  2 wights (D:10)
  5 killer bees (D:9)
  2 electric eels
  4 howler monkeys
  5 bombardier beetles
  3 hounds
  9 orc priests
  An iguana (D:7)
  2 sleepcaps
  Ijyb (D:5)
  4 orc wizards
  An adder (D:6)
  2 shadow imps
  3 white imps
  A human zombie (D:5)
  A dart slug (D:3)
  2 ribbon worms
  24 orcs
  11 endoplasms
  9 giant cockroaches
  8 goblins
  9 hobgoblins
  5 jackals (D:3)
  27 kobolds
  5 quokkas
  5 ball pythons
  4 bats
  2 frilled lizards
  7 rats
237 creatures vanquished.

Vanquished Creatures (collateral kills)
  2 two-headed ogres (D:9)
  6 elephants
  3 black mambas
  A cane toad (Lair:1)
  Maggie (D:8)
  4 blink frogs (Lair:1)
  A wyvern (Lair:1)
  3 yaks (D:10)
  An unseen horror simulacrum (D:9)
  A basilisk (Lair:1)
  A steam dragon (D:5)
  4 water moccasins
  An orc warrior (D:7)
  2 ice beasts (D:9)
  A black bear (D:6)
  2 ogres
  2 bullfrogs
  2 kobold brigands
  3 wights (D:10)
  A killer bee (D:9)
  A howler monkey (D:10)
  3 orc priests
  An orc wizard (D:7)
  2 white imps (D:9)
  4 orcs
  4 kobolds
57 creatures vanquished.

Vanquished Creatures (others)
  2 black mamba zombies
  A cane toad zombie (Lair:1)
  2 elephant zombies (Lair:2)
  3 water moccasin zombies
  A wyvern zombie (Lair:1)
  A troll zombie (D:10)
  A yak zombie (D:10)
  A bullfrog zombie (D:9)
  A black bear zombie (D:6)
  A centaur zombie (D:9)
  3 killer bee zombies (D:9)
  An ogre zombie (D:5)
  A hound zombie (D:5)
  2 howler monkey zombies (D:10)
  A spectral white imp (D:6)
  A bombardier beetle zombie (D:5)
  A giant cockroach zombie (D:4)
  7 kobold zombies
  10 orc zombies
  124 foxfires
165 creatures vanquished.

Grand Total: 459 creatures vanquished

Notes
Turn   | Place    | Note
-------+----------+-------------------------------------------
     0 | D:1      | GeoRichter the Djinni Fire Elementalist began the quest for
                  | the Orb.
     0 | D:1      | GeoRichter set off with the following spells memorised:
                  | Foxfire, Scorch, Volatile Blastmotes, Inner Flame, Flame
                  | Wave.
     0 | D:1      | Reached XP level 1. HP: 15/15 MP: 0/0
   194 | D:1      | Reached XP level 2. HP: 21/22 MP: 0/0
   492 | D:1      | You are sucked into a shaft and drop 1 floor!
   544 | D:2      | Reached skill level 1 in Fighting
   778 | D:2      | Reached XP level 3. HP: 22/27 MP: 0/0
   778 | D:2      | Learned a level 1 spell: Summon Small Mammal
  1501 | D:3      | Reached XP level 4. HP: 24/32 MP: 0/0
  1577 | D:3      | Reached skill level 2 in Fighting
  1751 | D:3      | Found an iron altar of Okawaru.
  1888 | D:3      | Reached XP level 5. HP: 36/38 MP: 0/0
  1888 | D:3      | Learned a level 2 spell: Jinxbite
  2619 | D:4      | Noticed an ogre
  2625 | D:4      | Killed an ogre
  2626 | D:4      | Reached skill level 3 in Fighting
  2626 | D:4      | Reached XP level 6. HP: 41/46 MP: 0/0
  2653 | D:4      | Found a basalt altar of Yredelemnul.
  2663 | D:4      | Became a worshipper of Yredelemnul the Fallen
  2728 | D:4      | Reached skill level 5 in Spellcasting
  2728 | D:4      | Reached skill level 5 in Conjurations
  2728 | D:4      | Reached skill level 5 in Hexes
  2728 | D:4      | Reached skill level 5 in Summonings
  2728 | D:4      | Reached skill level 5 in Necromancy
  2728 | D:4      | Reached skill level 5 in Translocations
  2728 | D:4      | Reached skill level 5 in Fire Magic
  2728 | D:4      | Reached skill level 5 in Ice Magic
  2728 | D:4      | Reached skill level 5 in Air Magic
  2728 | D:4      | Reached skill level 5 in Earth Magic
  2728 | D:4      | Reached skill level 5 in Alchemy
  2765 | D:4      | Reached XP level 7. HP: 16/50 MP: 0/0
  2765 | D:4      | Learned a level 3 spell: Mephitic Cloud
  2939 | D:4      | Noticed Grinder
  2946 | D:4      | Paralysed by Grinder for 4 turns
  2953 | D:4      | Killed Grinder
  2954 | D:4      | Reached skill level 4 in Fighting
  3180 | D:5      | Entered Level 5 of the Dungeon
  3204 | D:5      | Found a stormy altar of Qazlal.
  3223 | D:5      | Reached XP level 8. HP: 20/58 MP: 0/0
  3396 | D:5      | Noticed Sigmund
  3401 | D:5      | Noticed Ijyb
  3405 | D:5      | Killed Sigmund
  3406 | D:5      | Reached skill level 5 in Fighting
  3411 | D:5      | Killed Ijyb
  3714 | D:5      | Your ally Sigmund died
  3774 | D:5      | Found Usom Piwnodgh's Weapon Shop.
  3785 | D:5      | Reached XP level 9. HP: 63/65 MP: 0/0
  3785 | D:5      | Learned a level 3 spell: Confusing Touch
  3788 | D:5      | Reached * piety under Yredelemnul
  3958 | D:5      | Noticed Blork the orc
  3962 | D:5      | Killed Blork the orc
  4010 | D:5      | Reached skill level 6 in Fighting
  4180 | D:5      | Found a staircase to the Ecumenical Temple.
  4267 | D:6      | Found a sacrificial altar of Ru.
  4307 | D:6      | Found a runed translucent gate.
  4307 | D:6      | Found a runed translucent gate.
  4307 | D:6      | Found a runed translucent gate.
  4308 | D:6      | Noticed a kobold demonologist
  4310 | D:6      | Noticed Varamon101's ghost (novice MDFi)
  4511 | D:6      | Found a hide-covered altar of Uskayaw.
  4823 | D:6      | Reached ** piety under Yredelemnul
  5442 | D:6      | Reached skill level 7 in Fighting
  5445 | D:6      | Killed a kobold demonologist
  5446 | D:6      | Reached XP level 10. HP: 47/75 MP: 0/0
  6297 | D:7      | Reached skill level 8 in Fighting
  6434 | D:8      | Noticed Maggie
  6439 | D:8      | Reached skill level 10 in Spellcasting
  6439 | D:8      | Reached skill level 10 in Conjurations
  6439 | D:8      | Reached skill level 10 in Hexes
  6439 | D:8      | Reached skill level 10 in Summonings
  6439 | D:8      | Reached skill level 10 in Necromancy
  6439 | D:8      | Reached skill level 10 in Translocations
  6439 | D:8      | Reached skill level 10 in Fire Magic
  6439 | D:8      | Reached skill level 10 in Ice Magic
  6439 | D:8      | Reached skill level 10 in Air Magic
  6439 | D:8      | Reached skill level 10 in Earth Magic
  6439 | D:8      | Reached skill level 10 in Alchemy
  6439 | D:8      | Killed Maggie
  6440 | D:8      | Reached skill level 1 in Invocations
  6451 | D:8      | Noticed Jeremiah
  6470 | D:8      | Killed Jeremiah
  6502 | D:8      | Found a sparkling altar of Nemelex Xobeh.
  6644 | D:8      | Reached *** piety under Yredelemnul
  6838 | D:8      | Reached skill level 9 in Fighting
  7151 | D:9      | Found a runed translucent gate.
  7153 | D:9      | Found a runed translucent gate.
  7154 | D:9      | Found a runed translucent gate.
  7161 | D:9      | Noticed a two-headed ogre
  7169 | D:9      | Killed a two-headed ogre
  7170 | D:9      | Reached XP level 11. HP: 81/84 MP: 0/0
  7170 | D:9      | Learned a level 4 spell: Vhi's Electric Charge
  7180 | D:9      | Noticed a two-headed ogre
  7184 | D:9      | Killed a two-headed ogre
  7185 | D:9      | Reached skill level 5 in Invocations
  7465 | D:9      | Reached skill level 10 in Fighting
  7553 | D:9      | Found a glowing golden altar of the Shining One.
  7751 | D:9      | Found a staircase to the Orcish Mines.
  7790 | D:9      | Noticed a two-headed ogre
  7798 | D:9      | Killed a two-headed ogre
  8077 | D:9      | Noticed s4kkeboi's ghost (novice TrFi)
  8122 | D:9      | Killed s4kkeboi's ghost
  8272 | D:10     | Entered Level 10 of the Dungeon
  8368 | D:10     | Reached skill level 1 in Polearms
  8452 | D:10     | Reached **** piety under Yredelemnul
  8654 | D:10     | Reached skill level 11 in Fighting
  8757 | D:10     | Reached XP level 12. HP: 83/94 MP: 0/0
  8822 | D:10     | Found a staircase to the Lair.
  9187 | Lair:1   | Entered Level 1 of the Lair of Beasts
  9426 | Lair:1   | Reached skill level 5 in Polearms
  9492 | Lair:1   | Reached skill level 12 in Fighting
 10139 | Lair:2   | Reached XP level 13. HP: 87/102 MP: 0/0
 10139 | Lair:2   | Learned a level 5 spell: Silence
 10208 | Lair:2   | Noticed an eight-headed hydra
 10219 | Lair:2   | HP: 3/102 [eight-headed hydra (4)]
 10219 | Lair:2   | Mangled by an eight-headed hydra

Illustrated notes

Levels and vault maps discovered:
D:1:      minmay_arrival_plants_in_alcoves, layout_basic
D:2:      layout_basic
D:3:      minmay_chambers_of_threes, layout_basic,
          nicolae_overflow_crystal_walls, kennysheep_okawaru_gauntlet,
          solitary_fountain
D:4:      minmay_skewed_foursquare, layout_rooms, lemuel_coloured_pillars_altar,
          uniq_grinder
D:5:      cheibrodos_thug_alley, layout_basic, mainiacjoe_overflow_tiny_flanked,
          minmay_temple_entry_nine_rooms, serial_shops, nicolae_shop_crystal,
          uniq_sigmund, uniq_ijyb, uniq_blork_the_orc
D:6:      layout_loops_ring, nicolae_uskayaw_suspiria, kennysheep_little_box,
          gammafunk_ghost_nasty_kobolds, kennysheep_cluttered_room
D:7:      layout_rooms, nicolae_vehumet_altar_sigil
D:8:      layout_gridville, lemuel_round_altar, uniq_jeremiah, uniq_maggie
D:9:      layout_rooms, old_standard_altar, tgw_sif, hiddenorc1_lemuel,
          gammafunk_ghost_icy, nicolae_straight_to_the_point
D:10:     layout_stronghold, due_lair_maze_entry_diamond
Lair:1:   layout_chaotic_city, st_stairs_9, serial_bayou_lake_a
Lair:2:   layout_misc_corridors, hellmonk_spider_entry_not_the_bees

Skill      XL: |  1  2  3  4  5  6  7  8  9 10 11 12 |
---------------+-------------------------------------+-----
Fighting       | 1 2 3 4 5 7 9 11 12 | 12.5
Spellcasting   | 4 5 6 7 9 10 | 10.0
Conjurations   | 4 5 6 7 9 10 | 10.0
Hexes          | 4 5 6 7 9 10 | 10.0
Summonings     | 4 5 6 7 9 10 | 10.0
Necromancy     | 4 5 6 7 9 10 | 10.0
Translocations | 4 5 6 7 9 10 | 10.0
Fire Magic     | 4 5 6 7 9 10 | 10.0
Ice Magic      | 4 5 6 7 9 10 | 10.0
Air Magic      | 4 5 6 7 9 10 | 10.0
Earth Magic    | 4 5 6 7 9 10 | 10.0
Alchemy        | 4 5 6 7 9 10 | 10.0
Invocations    | 4 7 |  7.1
Polearms       | 2 7 |  7.6
Dodging        | |  2.1
Stealth        | |  1.5

Action                     |  1- 3 |  4- 6 |  7- 9 | 10-12 | 13-15 || total
---------------------------+-------+-------+-------+-------+-------++-------
  Melee: Dagger            |       |     6 |       |     8 |       ||    14
         Unarmed           |       |       |     4 |       |       ||     4
         Trident           |       |       |       |     5 |       ||     5
   Cast: Foxfire           |     8 |     5 |    27 |    31 |       ||    71
         Scorch            |    43 |    59 |    86 |   299 |    11 ||   498
         Summon Small Mamm |       |     1 |     1 |     4 |       ||     6
         Volatile Blastmot |       |       |     1 |       |       ||     1
 Invoke: Light the Black T |       |     1 |     2 |     6 |       ||     9
         Hurl Torchlight   |       |       |       |     5 |     1 ||     6
  Evoke: Wand              |       |       |     4 |     2 |       ||     6
    Use: Scroll            |     1 |     1 |     7 |    12 |       ||    21
 Armour: Robe              |     4 |    18 |    23 |    28 |       ||    73
         Skin              |       |       |     3 |       |       ||     3
         Swamp dragon scal |       |       |       |   117 |    29 ||   146
  Dodge: Dodged            |    17 |    10 |    18 |    77 |    12 ||   134

Table legend: (Time is in decaauts)
 A = Elapsed time spent in this place.
 B = Non-inter-level travel time spent in this place.
 C = Inter-level travel time spent in this place.
 D = Time resting spent in this place.
 E = Time spent auto-exploring this place.
 F = Levels seen in this place.
 G = Mean time per level.
                   A        B        C        D        E       F      G
               +--------+--------+--------+--------+--------+-----+--------+
         Total |  10208 |   9847 |    361 |    327 |   7709 |  12 |  850.7 |
       Dungeon |   9173 |   8825 |    348 |    327 |   6937 |  10 |  917.3 |
          Lair |   1035 |   1022 |     13 |      0 |    772 |   2 |  517.5 |
               +--------+--------+--------+--------+--------+-----+--------+

Top non-repeatable levels by time:
     D:6: 1675 daAuts
     D:9: 1132 daAuts
     D:5: 1063 daAuts
     D:3: 973 daAuts
  Lair:1: 940 daAuts
     D:4: 924 daAuts
    D:10: 915 daAuts
     D:8: 704 daAuts
     D:1: 649 daAuts
     D:2: 628 daAuts
     D:7: 505 daAuts
  Lair:2: 94 daAuts
